 Dungeon Crawl Stone Soup version 0.27.1 (webtiles) character file.

Game seed: 14778302807332166449

141 Descartes the Covert (level 5, -2/24 HPs)
             Began as a Felid Delver on Sept 3, 2021.
             Slain by an iron imp (9 damage)
             ... summoned by Natasha
             ... on level 3 of the Dungeon.
             The game lasted 00:07:08 (3776 turns).

Descartes the Covert (Felid Delver)                 Turns: 3776, Time: 00:07:09

Health: -2/24      AC:  2    Str: 10    XL:     5   Next: 3%
Magic:  6/6        EV: 18    Int: 11    God:
Gold:   232        SH:  0    Dex: 18    Spells: 4/4 levels left
                                        Lives:  0   Deaths: 1

rFire    . . .     SeeInvis +     - Unarmed
rCold    . . .     Faith    .   (shield unavailable)
rNeg     . . .     Spirit   .   (armour unavailable)
rPois    +         Reflect  .   (helmet unavailable)
rElec    .         Harm     .   (cloak unavailable)
rCorr    .         Rampage  .   (gloves unavailable)
Will     .....                  (boots unavailable)
Stlth    ++++......             (no amulet)
HPRegen  0.08/turn              r - ring of poison resistance
MPRegen  0.10/turn              (no ring)

@: quick
A: very small, claws 1, fangs 3, see invisible, speed 1, shaggy fur 2, stealthy
paws, no weapons or thrown items, no armour, multi-lived
a: no special abilities


You were on level 3 of the Dungeon.
You visited 2 branches of the dungeon, and saw 6 of its levels.

You collected 232 gold pieces.

Inventory:

Missiles
 f - 63 stones
Jewellery
 r - a ring of poison resistance (left paw)
Wands
 e - a wand of digging (3)
 k - a wand of paralysis (11)
Scrolls
 a - a scroll of fog
 b - 2 scrolls of magic mapping
 c - a scroll of fear
 g - 2 scrolls of amnesia {unknown}
 h - 7 scrolls of identify {unknown}
 i - a scroll of silence {unknown}
 j - a scroll of noise {unknown}
 l - 3 scrolls of teleportation {unknown}
 p - a scroll of blinking {unknown}
 s - a scroll of enchant armour {unknown}
Potions
 d - 2 potions of haste
 m - a potion of flight
 n - 2 potions of attraction
 o - a potion of cancellation {unknown}
 q - a potion of curing {unknown}
 t - a potion of lignification {unknown}
 u - a potion of heal wounds {unknown}
 v - 2 potions of invisibility {unknown}
 w - a potion of might {unknown}


   Skills:
 + Level 3.4 Fighting
 + Level 3.4 Dodging
 * Level 9.4 Stealth
 + Level 3.0 Unarmed Combat
 * Level 1.7 Evocations


You had 4 spell levels left.
You didn't know any spells.
Your spell library contained the following spells:

 Spells                   Type           Power      Damage    Failure   Level
 Ozocubu's Armour         Ice            0%         N/A       71%         3
 Ozocubu's Refrigeration  Ice            0%         4d5       100%        7


Dungeon Overview and Level Annotations

Branches:
Dungeon (5/15)             Temple (1/1) D:5

Altars:
Ashenzari
Cheibriados
Dithmenos
Elyvilon
Gozag
Hepliaklqana
Kikubaaqudgha
Makhleb
Nemelex Xobeh
Okawaru
Qazlal
Ru
Sif Muna
Trog
Uskayaw
Vehumet
Wu Jian
Xom
Yredelemnul
Zin
The Shining One

Shops:
D:3 (

Annotations:
D:3 Natasha
D:4 exclusion: orc priest


Innate Abilities, Weirdness & Mutations

You have sharp claws.
You have razor-sharp teeth.
You have supernaturally acute eyesight. (SInv)
You cover ground quickly. (Speed+)
You are covered in thick fur. (AC +2)
Your paws help you pounce on unaware monsters.
You are incapable of wielding weapons or throwing items.
You cannot wear armour.
You gain extra lives every three experience levels.


Message History

You now have 232 gold pieces (gained 10).
Things that are here:
4 poisoned darts; a +0 dagger; a kobold skeleton
Found 2 emerald potions.
v - 2 emerald potions
Found a silvery potion.
w - a silvery potion You open the door.
Found Zexaosaz's Weapon Emporium.
There is an open door here.
There is an entrance to Zexaosaz's Weapon Emporium here.
You open the door.
There is an open door here.
A goblin is nearby!
The goblin shouts!
The goblin throws a boomerang.
The boomerang misses you. The goblin closely misses you.
Natasha hisses angrily.
You scratch the goblin but do no damage.
Natasha mumbles some strange words.
The goblin closely misses you.
You barely miss the goblin.
Natasha casts a spell.
The goblin completely misses you.
You barely miss the goblin. The goblin hits you but does no damage.
You scratch Natasha but do no damage.
Natasha zaps a wand.
The puff of flame hits you! The goblin hits you with a +0 dagger.
You barely miss the iron imp.
Natasha wildly gestures.
Natasha's front paws start to glow.
Natasha misses you. The goblin closely misses you. The iron imp hits you.
You scratch the iron imp but do no damage.
Natasha mumbles some strange words.
The goblin completely misses you.
You scratch the iron imp but do no damage.
You bite the iron imp, but do no damage.
The crimson imp hits you. Natasha claws you.
* * * LOW HITPOINT WARNING * * *
The iron imp hits you!
You die...

.............#........#######.###
......###....#........#######.###
.............#..............#.#..
.............#..............#.#..
........<....####...........#....
.............####................
................#................
................#.......##.....<.
.............5.5@................
...†...........hg5.############..
...........##..........########..
######.....##....................
#...........................
######....##........#............
.#........##........#............
.#........###.......#............
.#...........)..................#


You could see an iron imp (summoned), Natasha, 2 crimson imps and a goblin.

Vanquished Creatures
  A bullfrog skeleton (D:5)
  A hound (D:5)
  Jessica (D:3)
  An iguana (D:4)
  Natasha (D:3)
  4 adders
  An ufetubus (D:5)
  A worm (D:5)
  5 dart slugs
  3 orcs
  6 ball pythons
  6 bats
  4 endoplasms
  3 giant cockroaches
  8 hobgoblins
  3 jackals (D:2)
  6 quokkas
  5 frilled lizards
  8 goblins
  7 kobolds
  7 rats
82 creatures vanquished.

Notes
Turn   | Place    | Note
-------+----------+-------------------------------------------
     0 | D:5      | Descartes the Felid Delver began the quest for the Orb.
     0 | D:5      | Reached XP level 1. HP: 10/10 MP: 2/2
    33 | D:5      | Found a staircase to the Ecumenical Temple.
    44 | Temple   | Entered the Ecumenical Temple
   136 | D:5      | Noticed a phantom
   216 | D:5      | Noticed a hound
   220 | D:5      | Killed a hound
   221 | D:5      | Reached skill level 7 in Stealth
   221 | D:5      | Reached XP level 2. HP: 14/14 MP: 3/3
   221 | D:5      | Reached XP level 3. HP: 17/17 MP: 4/4
   292 | D:5      | Reached skill level 8 in Stealth
   292 | D:5      | Reached XP level 4. HP: 4/21 MP: 5/5
  1155 | D:4      | Noticed an ogre
  1155 | D:4      | Noticed an ogre
  1457 | D:3      | Noticed Natasha
  1465 | D:3      | Killed Natasha
  1466 | D:3      | Reached XP level 5. HP: 24/24 MP: 6/6
  1481 | D:3      | Noticed Jessica
  1496 | D:3      | Killed Jessica
  1497 | D:3      | Reached skill level 1 in Evocations
  1512 | D:3      | Reached skill level 9 in Stealth
  1778 | D:3      | Noticed Natasha
  2803 | D:1      | Found a faded altar of an unknown god.
  3140 | D:1      | Gained mutation: You are covered in thick fur. (AC +2)
                  | [Felid growth]
  3140 | D:1      | Reached XP level 6. HP: 28/28 MP: 7/7
  3412 | D:3      | Killed from afar by Natasha
  3413 | D:3      | Reached XP level 5. HP: -6/24 MP: 6/6
  3725 | D:3      | Found Zexaosaz's Weapon Emporium.
  3776 | D:3      | Slain by an iron imp

Illustrated notes

Levels and vault maps discovered:
D:1:      wander_arrival_peaceful_grave, layout_basic,
          shapermc_ecumenical_altar_notcrosses
D:2:      layout_rooms
D:3:      layout_basic, serial_shops, nicolae_shop_behind_doors, uniq_natasha,
          uniq_jessica
D:4:      layout_cave_pods, minmay_misc_feat_x, kennysheep_generic_room_6,
          uniq_duvessa
D:5:      layout_gridville, minmay_temple_entry_glass
Temple:   dpeg_three_leaves_temple

Skill      XL: |  1  2  3  4  5 |
---------------+----------------+-----
Stealth        | 7 8 9 |  9.4
Dodging        | 3 |  3.4
Evocations     | 1 |  1.7
Unarmed Combat | 3 |  3.0
Fighting       | |  3.4

Action                   |  1- 3 |  4- 6 || total
-------------------------+-------+-------++-------
Melee: Unarmed           |    10 |   173 ||   183
       Bite              |     4 |    19 ||    23
       Punch             |       |     1 ||     1
  Use: Potion            |       |     2 ||     2
 Stab: Sleeping          |     3 |    32 ||    35
       Distracted        |       |     2 ||     2
Armor: Skin              |       |     5 ||     5
Dodge: Dodged            |     5 |   105 ||   110
